 Dungeon Crawl Stone Soup version 0.31.0-12-g77e489cdc1 (webtiles) character file.

Game seed: 10393343318798137381

99866 AceX2Z the Brawler (level 15, 0/231 HPs)
             Began as a Troll Berserker on Feb 11, 2024.
             Was the Champion of Trog.
             Slain by a salamander
             ... wielding a +0 halberd
              (13 damage)
             ... on level 4 of the Snake Pit.
             The game lasted 03:14:43 (22562 turns).

AceX2Z the Brawler (Troll Berserker)               Turns: 22562, Time: 03:14:43

Health: 0/231      AC: 16    Str: 51    XL:     15   Next: 78%
Magic:  14/14      EV:  8    Int:  3    God:    Trog [******]
Gold:   2029       SH:  0    Dex:  9    Spells: 14/14 levels left

rFire   + +          .
                       - Unarmed
rCold   x . .        (shield currently unavailable)
rNeg    . . .        B - melded +4 skin of Zhor {*Englaciate rC+++ SInv}
rPois   +            (helmet currently unavailable)
rElec   .            g - melded +2 cloak
rCorr   .            (gloves unavailable)
SInv    .            (boots unavailable)
Will    +....        H - amulet of faith
Stlth   +            i - +6 ring of strength
HPRegen 1.38/turn    O - +4 ring of protection
MPRegen 0.14/turn

%: faith
@: dragon-form, on berserk cooldown, flying, slowed, studying Ice Magic, very
slow
A: dragon claw, dragon scales, breathe fire, flying, boosted hp, giant,
unfitting armour, (claws 3), regeneration 1, (shaggy fur 1), (tough skin 1)
a: Breathe Fire, Begin Untransformation, Renounce Religion, Berserk, Trog's
Hand, Brothers in Arms


You were on level 4 of the Snake Pit.
You worshipped Trog.
Trog was exalted by your worship.
You were a fearsome dragon!
You visited 4 branches of the dungeon, and saw 22 of its levels.
You also visited: Ice Cave.

You collected 2051 gold pieces.
You spent 22 gold pieces at shops.

Inventory:

Hand Weapons
 J - the +8 giant spiked club of Currency {heavy, rCorr Dex+4 Stlth+}
   (Trog gifted it to you on level 1 of the Lair of Beasts)

   Dex+4:     It affects your dexterity (+4).
   rCorr:     It protects you from acid and corrosion.
   Stlth+:    It makes you more stealthy.
Missiles
 e - 155 stones
 j - 24 poisoned darts
 z - 3 throwing nets
 F - 19 large rocks (quivered)
Armour
 g - a +2 cloak (melded)
 p - a +0 tower shield
 A - +0 steam dragon scales
 B - the +4 skin of Zhor (melded) {*Englaciate rC+++ SInv}
   (You found it in an ice cave)

   *Englaciate: It radiates cold, occasionally slowing all nearby creatures who
   are not resistant to cold.
   rC+++:     It renders you almost immune to cold.
   SInv:      It lets you see invisible.
 G - a +0 kite shield
 I - a +2 robe of willpower
Jewellery
 i - a +6 ring of strength (left foreclaw)
 v - a ring of protection from fire
 H - an amulet of faith (around neck)
 O - a +4 ring of protection (right foreclaw)
 P - a +6 ring of strength
Talismans
 C - a dragon-blood talisman (active)
Wands
 f - a wand of roots (31)
 o - a wand of acid (16)
 q - a wand of mindburst (2)
 t - a wand of flame (40)
 L - a wand of charming (3)
 S - a wand of polymorph (3)
Scrolls
 h - 2 scrolls of blinking
 k - 2 scrolls of enchant armour
 r - 3 scrolls of fog
 u - 4 scrolls of noise
 y - 5 scrolls of teleportation
 D - a scroll of poison
 K - a scroll of silence
 N - 2 scrolls of summoning
 Q - a scroll of fear
 R - 2 scrolls of identify
Potions
 a - 4 potions of lignification
 b - 4 potions of resistance
 c - 2 potions of ambrosia
 d - a potion of cancellation
 l - a potion of enlightenment
 m - 2 potions of mutation
 n - 5 potions of might
 s - 4 potions of attraction
 w - 5 potions of heal wounds
 x - 6 potions of curing
 E - 3 potions of haste
Miscellaneous
 M - a phantom mirror


   Skills:
 + Level 11.6 Fighting
 - Level 4.0 Throwing
 - Level 3.9 Armour
 - Level 2.8 Dodging
 + Level 17.5 Unarmed Combat
 - Level 16.0 Shapeshifting


You had 14 spell levels left.
You didn't know any spells.
Your spell library contained the following spells:

 Spells                   Type           Power      Damage    Failure   Level
 Apportation              Tloc           0%         N/A       52%         1
 Slow                     Hex            0%         N/A       52%         1
 Blink                    Tloc           0%         N/A       67%         2
 Call Imp                 Summ           0%         N/A       67%         2
 Ensorcelled Hibernation  Hex/Ice        0%         N/A       67%         2
 Jinxbite                 Hex            0%         N/A       67%         2
 Lesser Beckoning         Tloc           0%         N/A       67%         2
 Momentum Strike          Conj/Tloc      0%         3d8       67%         2
 Static Discharge         Conj/Air       0%         3-3/arc   67%         2
 Sublimation of Blood     Necr           0%         N/A       67%         2
 Confusing Touch          Hex            0%         N/A       88%         3
 Fugue of the Fallen      Necr           0%         N/A       88%         3
 Ozocubu's Armour         Ice            0%         N/A       88%         3
 Sigil of Binding         Hex            0%         N/A       88%         3
 Summon Ice Beast         Ice/Summ       0%         N/A       88%         3
 Vampiric Draining        Necr           0%         2d6       88%         3
 Airstrike                Air            0%         2d(0-16)  99%         4
 Anguish                  Hex/Necr       0%         N/A       99%         4
 Animate Dead             Necr           0%         N/A       99%         4
 Manifold Assault         Tloc           0%         N/A       99%         4
 Martyr's Knell           Necr/Summ      0%         N/A       99%         4
 Petrify                  Alch/Erth      0%         N/A       99%         4
 Summon Lightning Spire   Summ/Air       0%         N/A       99%         4
 Alistair's Intoxication  Alch           0%         N/A       100%        5
 Borgnjor's Vile Clutch   Necr/Erth      0%         N/A       100%        5
 Irradiate                Conj/Alch      0%         3d11      100%        5
 Death Channel            Necr           0%         N/A       100%        6
 Dispersal                Tloc           0%         N/A       100%        6
 Ozocubu's Refrigeration  Ice            0%         4d7       100%        7
 Summon Hydra             Summ           0%         N/A       100%        7
 Disjunction              Tloc           0%         N/A       100%        8


Dungeon Overview and Level Annotations

Branches:
Dungeon (11/15)            Temple (0/1) D:4            Lair (5/5) D:11
 Shoals (0/4) Lair:2        Snake (4/4) Lair:2        Slime (0/5) Lair:5
    Orc (2/2) D:10            Elf (0/3) Orc:2         IceCv (visited)

Altars:
Cheibriados
Elyvilon
Fedhas
Gozag
Kikubaaqudgha
Okawaru
Ru
Vehumet
Wu Jian
Xom
Zin
The Shining One
Jiyva

Shops:
D:1 (   D:11 *   Orc:2 :[*(   Snake:1 !**

Annotations:
D:7 2 transporters
D:9 3 runed translucent doors, Tomate's ghost, novice TrBe
D:11 1 exclusion


Innate Abilities, Weirdness & Mutations

You are a fearsome dragon!
You have a powerful clawing attack.
Your giant scaled body is strong and resilient, but less evasive.
You can breathe fire.
You are flying.
Your maximum health is greatly increased.
Your armour is entirely melded.
You are incapable of wielding weapons or throwing items.
You are too large for most types of armour.
((You have claws for hands.))
Your natural rate of healing is unusually fast.
((You are covered in fur. (AC +1)))
((You have tough skin. (AC +1)))


Message History

Your bite misses the naga mage.
The naga mage is almost dead.
You feel very sick.
You maul the naga mage!!!!
You kill the naga mage!
Trog accepts your kill.
Trog appreciates your killing of a magic user.
You feel very sick.
The naga warrior hits you with a +0 flail!
* * * LOW HITPOINT WARNING * * *
You maul the naga warrior!!!
The naga warrior is heavily wounded.
You feel very sick.
The salamander hits you from afar with a +3 trident of venom.
* * * LOW HITPOINT WARNING * * *
You are engulfed in flames.
You resist.
* * * LOW HITPOINT WARNING * * *
You are more poisoned.
The salamander completely misses you.
The naga sharpshooter spits poison at you.
The splash of poison hits you. You resist.
* * * LOW HITPOINT WARNING * * *
The salamander hits you with a +3 war axe.
* * * LOW HITPOINT WARNING * * *
You are engulfed in flames.
You resist.
* * * LOW HITPOINT WARNING * * *
You are no longer berserk.
You are exhausted.
You feel yourself slow down.
* * * LOW HITPOINT WARNING * * *
You feel very sick.
The salamander attacks as it pursues you!
The salamander hits you from afar with a +3 trident of venom!
* * * LOW HITPOINT WARNING * * *
You are engulfed in flames.
You resist.
* * * LOW HITPOINT WARNING * * *
You are more poisoned.
You feel better. The salamander closely misses you.
The salamander hits you from afar with a +0 halberd!
You die...

..... ...... ....
N..... .... ......
..... #N.....
.....########.......
...........D)N......
..........)NNN......
#.......†.##)##....#
#.....<..#)†.# ...#
#.........#'..# ##
..........^####
.............
#..............
####....#######


You could see 2 naga warriors and 3 salamanders.

Vanquished Creatures
  Vashnia (Snake:3)
  Mlioglotl (Snake:2)
  A nagaraja (Snake:4)
  Louise (Snake:1)
  An orc warlord (Orc:2)
  The ghost of Nodun the Grappler, a journeyman TrFi of Wu Jian (Lair:4)
  The ghost of hattey the Bludgeoner, a journeyman HuWn of Okawaru (Lair:3)
  An ettin (Orc:2)
  A yaktaur captain (D:11)
  Erolcha (D:9)
  Harold (Lair:2)
  A salamander tyrant (Snake:4)
  6 hydras
  3 catoblepae
  6 anacondas
  2 two-headed ogres
  A boulder beetle (D:11)
  6 naga warriors
  An orc high priest (Orc:2)
  A vampire mage (Lair:1)
  3 death yaks (Lair:5)
  3 shock serpents
  8 naga sharpshooters
  A sea snake (Snake:1)
  7 orc knights (Orc:2)
  8 mana vipers
  4 naga ritualists
  Pikel (D:5)
  A necromancer (IceCv)
  An ugly thing (IceCv)
  A lindwurm (Lair:5)
  3 manticores
  2 orc sorcerers (Orc:2)
  4 cyclopes
  7 salamanders
  6 elephants
  2 guardian serpents
  A kobold blastminer (Orc:2)
  An ice statue (IceCv)
  21 black mambas
  6 naga magi
  5 cane toads
  A gargoyle (D:10)
  3 rime drakes
  An unseen horror (D:11)
  A kobold demonologist (D:11)
  11 komodo dragons
  An efreet (D:11)
  Psyche (D:11)
  3 freezing wraiths (IceCv)
  14 ice devils (IceCv)
  2 anaconda simulacra (IceCv)
  2 polar bears
  7 trolls
  8 blink frogs
  10 saltlings (Orc:2)
  2 dream sheep (Lair:5)
  6 wyverns
  19 yaks
  A shadow (D:10)
  A basilisk (D:11)
  A human (Lair:1)
  3 wargs (Orc:2)
  Grum (D:8)
  A steam dragon (D:7)
  7 vampire mosquitoes (D:11)
  3 death yak simulacra
  22 nagas
  3 harpy simulacra (IceCv)
  15 water moccasins
  11 orc warriors
  A laughing skull (D:11)
  2 ice beasts (D:5)
  17 wolves
  3 ogres
  2 centaurs (D:10)
  2 phantoms (D:7)
  A lemure (D:4)
  4 kobold brigands
  10 bullfrogs
  A gnoll sergeant (D:6)
  A scorpion (D:6)
  A two-headed ogre simulacrum (IceCv)
  5 cane toad simulacra (IceCv)
  5 wights (D:9)
  35 killer bees
  7 elephant simulacra
  An electric eel (Snake:1)
  15 howler monkeys
  4 crimson imps (D:8)
  3 hounds
  10 orc priests
  2 bombardier beetles
  15 jellies
  A gnoll bouda (D:8)
  Jessica (D:2)
  Ijyb (D:5)
  14 orc wizards
  6 iguanas
  4 polar bear simulacra (IceCv)
  A spriggan simulacrum (IceCv)
  3 wolf simulacra (IceCv)
  21 gnolls
  2 naga simulacra (IceCv)
  8 adders
  2 shadow imps (D:8)
  8 white imps
  5 ufetubi
  3 dart slugs
  A ribbon worm (D:2)
  52 orcs
  13 endoplasms
  6 giant cockroaches
  12 goblins
  15 hobgoblins
  3 jackals (D:2)
  3 quokkas
  5 ball pythons
  5 bats
  5 frilled lizards
  32 kobolds
  5 rats
679 creatures vanquished.

Vanquished Creatures (collateral kills)
  Erica (Orc:1)
  An orc sorcerer (Orc:1)
  A troll (Orc:1)
  3 orc priests (Orc:1)
  An orc wizard (Orc:1)
  2 orcs (Orc:1)
9 creatures vanquished.

Vanquished Creatures (others)
  A human (D:8)
1 creature vanquished.

Grand Total: 689 creatures vanquished

Notes
Turn   | Place    | Note
-------+----------+-------------------------------------------
     0 | D:1      | AceX2Z the Troll Berserker began the quest for the Orb.
     0 | D:1      | Reached XP level 1. HP: 22/22 MP: 0/0
   106 | D:1      | Found Xockofea's Antique Weapon Shoppe.
   376 | D:1      | Reached XP level 2. HP: 29/29 MP: 1/1
  1125 | D:2      | Reached XP level 3. HP: 33/36 MP: 2/2
  1150 | D:2      | Reached ** piety under Trog
  1166 | D:2      | Reached skill level 4 in Unarmed Combat
  1309 | D:2      | Noticed Jessica
  1318 | D:2      | Killed Jessica
  1319 | D:2      | Reached XP level 4. HP: 38/44 MP: 3/3
  1444 | D:2      | Found a faded altar of an unknown god.
  1706 | D:3      | Reached skill level 5 in Unarmed Combat
  1725 | D:3      | Found a radiant altar of Vehumet.
  1870 | D:3      | Reached XP level 5. HP: 24/50 MP: 4/4
  2117 | D:4      | Found a staircase to the Ecumenical Temple.
  2217 | D:4      | Reached *** piety under Trog
  2238 | D:4      | Found an opulent altar of Gozag.
  2268 | D:4      | Found a glowing silver altar of Zin.
  2274 | D:4      | Reached skill level 6 in Unarmed Combat
  2304 | D:4      | Found a snail-covered altar of Cheibriados.
  2616 | D:5      | Entered Level 5 of the Dungeon
  2617 | D:5      | Noticed a lemure
  2618 | D:5      | Noticed a lemure
  2619 | D:5      | Noticed Pikel
  2619 | D:5      | Noticed a lemure
  2620 | D:5      | Noticed a lemure
  2629 | D:4      | Killed a lemure
  2637 | D:5      | Killed Pikel
  2638 | D:5      | Reached skill level 8 in Unarmed Combat
  2638 | D:5      | Reached XP level 6. HP: 24/59 MP: 5/5
  2638 | D:5      | Reached XP level 7. HP: 27/66 MP: 6/6
  2771 | D:5      | Reached skill level 9 in Unarmed Combat
  2838 | D:5      | Reached XP level 8. HP: 69/74 MP: 7/7
  2985 | D:5      | Identified the +6 chain mail of Cuicreuwni {rF++ Regen+
                  | Slay-5 Stlth+}
  3053 | D:5      | Reached skill level 10 in Unarmed Combat
  3260 | D:5      | Noticed Ijyb
  3300 | D:5      | Killed Ijyb
  3940 | D:6      | Reached **** piety under Trog
  4141 | D:6      | Found a blossoming altar of Fedhas.
  4291 | D:6      | Reached skill level 11 in Unarmed Combat
  4442 | D:6      | Reached XP level 9. HP: 40/87 MP: 8/8
  4447 | D:6      | Reached skill level 5 in Fighting
  4563 | D:7      | You fall into a shaft and drop 2 floors!
  4855 | D:9      | Reached skill level 12 in Unarmed Combat
  5169 | D:7      | Found a glowing golden altar of the Shining One.
  5171 | D:7      | Found an ornate altar of the Wu Jian Council.
  5171 | D:7      | Noticed a gargoyle
  5187 | D:7      | Found a transporter.
  5193 | D:7      | Found a transporter.
  5377 | D:7      | Reached ***** piety under Trog
  5588 | D:7      | Reached XP level 10. HP: 87/100 MP: 9/9
  5961 | D:8      | Found a shimmering altar of Xom.
  6241 | D:8      | Found an iron altar of Okawaru.
  6250 | D:8      | Reached skill level 1 in Throwing
  6515 | D:8      | Noticed Grum
  6521 | D:8      | Reached skill level 1 in Armour
  6530 | D:8      | Killed Grum
  6552 | D:8      | Found an ancient bone altar of Kikubaaqudgha.
  6701 | D:8      | Found a sacrificial altar of Ru.
  6959 | D:9      | Reached skill level 13 in Unarmed Combat
  7369 | D:9      | Found a runed translucent gate.
  7369 | D:9      | Found a runed translucent gate.
  7369 | D:9      | Found a runed translucent gate.
  7370 | D:9      | Noticed Tomate's ghost (novice TrBe)
  7498 | D:9      | Noticed Erolcha
  7505 | D:9      | Killed Erolcha
  7621 | D:10     | Entered Level 10 of the Dungeon
  7621 | D:10     | Noticed a gargoyle
  7702 | D:10     | Killed a gargoyle
  7772 | D:10     | Noticed a two-headed ogre
  7950 | D:10     | Reached XP level 11. HP: 109/109 MP: 10/10
  7952 | D:10     | Killed a two-headed ogre
  7953 | D:10     | Reached skill level 14 in Unarmed Combat
  8391 | D:10     | Found a staircase to the Orcish Mines.
  8704 | D:11     | Noticed Psyche
  8708 | D:11     | Killed Psyche
  8709 | D:11     | Reached skill level 1 in Shapeshifting
  8768 | D:11     | Received a gift from Trog
  8830 | D:11     | Noticed a boulder beetle
  8847 | D:11     | Killed a boulder beetle
  8964 | D:11     | Reached skill level 5 in Shapeshifting
  9220 | D:11     | Identified the +0 ring mail of the Shoals {rPois rF+++
                  | Str+2 Int-4 SInv}
  9404 | D:11     | Found Bucuegui's CLEARANCE SALE!.
  9413 | D:11     | Bought a scroll of noise for 4 gold pieces
  9413 | D:11     | Bought a +0 kite shield for 18 gold pieces
  9468 | D:11     | Found a staircase to the Lair.
  9491 | D:11     | Noticed a sixfirhy
  9635 | D:11     | Noticed a two-headed ogre
  9639 | D:11     | Killed a two-headed ogre
  9679 | D:11     | Noticed a storm dragon
  9679 | D:11     | Noticed a wolf spider
  9883 | Orc:1    | Entered Level 1 of the Orcish Mines
  9883 | Orc:1    | Noticed Erica
  9890 | Orc:1    | Killed Erica
  9891 | Orc:1    | Reached XP level 12. HP: 108/118 MP: 11/11
 10137 | Orc:2    | Entered Level 2 of the Orcish Mines
 10513 | Orc:2    | Noticed an ettin
 10522 | Orc:2    | Killed an ettin
 10875 | Orc:2    | Reached skill level 10 in Shapeshifting
 11362 | Orc:2    | Found Daluonat's Weapon Emporium.
 11456 | Orc:2    | Noticed an orc high priest
 11467 | Orc:2    | Killed an orc high priest
 11531 | Orc:2    | Found Visosih's Antique Armour Boutique.
 11533 | Orc:2    | Found Tiofaw's Assorted Antiques.
 11563 | Orc:2    | Found Zyopasei's Book Shop.
 11563 | Orc:2    | Noticed an orc warlord
 11594 | Orc:2    | Killed an orc warlord
 11595 | Orc:2    | Reached XP level 13. HP: 36/124 MP: 12/12
 11699 | Orc:2    | Found a staircase to the Elven Halls.
 12101 | Lair:1   | Entered Level 1 of the Lair of Beasts
 12494 | Lair:1   | Identified the +8 giant spiked club of Currency {heavy,
                  | rCorr Dex+4 Stlth+} (Trog gifted it to you on level 1 of
                  | the Lair of Beasts)
 12494 | Lair:1   | Received a gift from Trog
 12942 | Lair:1   | Found a runed translucent door.
 13428 | Lair:2   | Found a frozen archway.
 13442 | IceCv    | Entered an ice cave
 14004 | IceCv    | Found the +0 pair of fencer's gloves {Riposte Dex+3}
 14004 | IceCv    | Found the +4 skin of Zhor {*Englaciate rC+++ SInv}
 14171 | IceCv    | Found an ancient bone altar of Kikubaaqudgha.
 14318 | IceCv    | Reached skill level 15 in Shapeshifting
 14485 | IceCv    | Got the Tome of the Morbid Wendigo
 14601 | Lair:2   | Found a staircase to the Shoals.
 14672 | Lair:2   | Received a gift from Trog
 14739 | Lair:2   | Noticed Harold
 14752 | Lair:2   | Killed Harold
 15114 | Lair:2   | Found a staircase to the Snake Pit.
 15184 | Lair:2   | Identified the +6 war axe "Doluly" {flame, Will- Int+6}
 15756 | Lair:3   | Reached XP level 14. HP: 133/133 MP: 13/13
 16212 | Lair:3   | Found a large runed translucent door.
 16212 | Lair:3   | Found a large runed translucent door.
 16215 | Lair:3   | Noticed hattey's ghost (journeyman HuWn)
 16673 | Lair:3   | Killed hattey's ghost
 17386 | Lair:4   | Found a glowing silver altar of Zin.
 17424 | Lair:4   | Found a runed translucent gate.
 17424 | Lair:4   | Found a runed translucent gate.
 17424 | Lair:4   | Found a runed translucent gate.
 17429 | Lair:4   | Noticed Nodun's ghost (journeyman TrFi)
 17436 | Lair:4   | Killed Nodun's ghost
 17436 | Lair:4   | Received a gift from Trog
 17879 | Lair:5   | Entered Level 5 of the Lair of Beasts
 18163 | Lair:5   | Found a staircase to the Slime Pits.
 18185 | Lair:5   | Found a viscous altar of Jiyva.
 18278 | Lair:5   | Identified the +6 demon whip "Alihounn" {antimagic, Will+++
                  | rCorr Str+2 Dex-3}
 18480 | Lair:5   | Reached ****** piety under Trog
 18497 | Lair:5   | Reached skill level 15 in Unarmed Combat
 18874 | Lair:5   | Received a gift from Trog
 19086 | Snake:1  | Entered Level 1 of the Snake Pit
 19336 | Snake:1  | Found a white marble altar of Elyvilon.
 19464 | Snake:1  | Noticed Louise
 19470 | Snake:1  | Killed Louise
 19590 | Snake:1  | Found Revuof's Distillery.
 19592 | Snake:1  | Found Fuxann's Assorted Antiques.
 19594 | Snake:1  | Found Uwnunof's Assorted Antiques.
 19906 | Snake:1  | Reached skill level 16 in Unarmed Combat
 20310 | Snake:1  | Reached XP level 15. HP: 149/149 MP: 14/14
 20439 | Snake:1  | Reached skill level 10 in Fighting
 20799 | Snake:2  | Noticed Mlioglotl
 20811 | Snake:2  | Killed Mlioglotl
 20931 | Snake:2  | Received a gift from Trog
 21472 | Snake:3  | Noticed Vashnia
 21636 | Snake:3  | Killed Vashnia
 22072 | Snake:3  | Reached skill level 17 in Unarmed Combat
 22454 | Snake:4  | Entered Level 4 of the Snake Pit
 22530 | Snake:4  | Noticed a nagaraja
 22545 | Snake:4  | Killed a nagaraja
 22547 | Snake:4  | Received a gift from Trog
 22561 | Snake:4  | HP: 8/231 [salamander/+3 trident of venom (14)]
 22562 | Snake:4  | Slain by a salamander

Illustrated notes

Levels and vault maps discovered:
D:1:      dpeg_arrival_snail, layout_loops_corners, serial_shops, shop,
          minmay_pentomino_q2
D:2:      layout_basic, serial_bayou, serial_bayou_pond_e, serial_bayou_pond_e,
          serial_bayou_pond_b, serial_bayou_ford_a, basic_ecumenical_altar,
          minmay_three_crescents, uniq_jessica
D:3:      layout_rooms, overflow_temple_1_default, hangedman_decor_opposing
D:4:      layout_cave_pools, lemuel_round_altar,
          mainiacjoe_overflow_catwalk_spiral, minmay_temple_entry_mini_moons,
          kennysheep_generic_room_5
D:5:      layout_basic, uniq_ijyb, uniq_pikel
D:6:      layout_basic, lemuel_tele_altar
D:7:      corexii_shantytown, layout_basic, gammafunk_temple_overflow_arena
D:8:      layout_basic, kennysheep_little_box, led_xom_imps, tgw_kikubaaqudgha,
          okawaru_ov_weapons_minmay, uniq_grum
D:9:      layout_stronghold, gammafunk_ghost_spectres, uniq_erolcha
D:10:     layout_cave_pools, orc_0_dummy
D:11:     minmay_sliced_demisemicircle, layout_basic, david_lair_shrubbed,
          nicolae_shop_clearance, uniq_psyche
Lair:1:   layout_small_grid, pdpol_lair_cabin_in_the_woods, lemuel_fruit_fields,
          lemuel_fruit_tree
Lair:2:   layout_layer_cave, elwin_shoals_entry_rocks,
          guppyfry_snake_entry_island, portal_ice_cave_entry_ice_simulacra,
          gauntlet_entry_generic, uniq_harold
Lair:3:   layout_cave_pods, ebering_ghost_disaster_area, serial_bayou_lagoon_a,
          minivault_24, st_stairs_9
Lair:4:   wad_woods_minihive, layout_cave_shapes, ebering_ghost_rock_garden,
          basic_altar, columned_hall_lemuel, chequers_serial_rivers_large_b
Lair:5:   hangedman_lair_in_review, layout_cave_shapes,
          minmay_slime_entry_jelly_boxes
Snake:1:  layout_layer_cave, basic_altar, serial_bayou_shore_a,
          minmay_shop_star, uniq_louise
Snake:2:  layout_rooms, uniq_mlioglotl
Snake:3:  layout_cave_town, serial_bayou_pond_c, uniq_vashnia
Snake:4:  grunt_snake_rune_serpentine_throne, layout_cave_town,
          nicolae_zig_zag_zippers, uniq_aizul
Orc:1:    layout_caves, basic_altar, uniq_erica
Orc:2:    hellmonk_orc_salted, layout_diamond_mine

Skill      XL: |  1  2  3  4  5  6  7  8  9 10 11 12 13 14 15 |
---------------+----------------------------------------------+-----
Unarmed Combat | 4 5 8 9 11 12 13 14 16 17 | 17.5
Fighting       | 4 6 7 9 11 | 11.6
Throwing       | 3 4 |  4.0
Armour         | 3 |  3.9
Shapeshifting  | 8 12 15 16 | 16.0
Dodging        | |  2.8

Action                     |  1- 3 |  4- 6 |  7- 9 | 10-12 | 13-15 || total
---------------------------+-------+-------+-------+-------+-------++-------
  Melee: Unarmed           |    91 |    97 |   296 |   428 |   673 ||  1585
         Punch             |     1 |     4 |     8 |    39 |    43 ||    95
         Tailslap          |       |       |       |       |    42 ||    42
         Bite              |       |       |       |       |    33 ||    33
  Throw: Stone             |    25 |    15 |    25 |       |       ||    65
         Dart              |       |       |       |    41 |       ||    41
         Large rock        |       |       |       |    24 |    48 ||    72
 Invoke: Berserk           |       |     1 |     4 |     8 |    15 ||    28
         Trog's Hand       |       |     1 |       |     4 |     4 ||     9
         Brothers in Arms  |       |       |       |     1 |       ||     1
Ability: Breathe Fire      |       |       |       |       |    14 ||    14
  Evoke: Wand              |       |       |       |       |     2 ||     2
    Use: Scroll            |     2 |     4 |     6 |    13 |     7 ||    32
         Potion            |       |       |       |     2 |     1 ||     3
   Stab: Sleeping          |       |     1 |     1 |       |       ||     2
 Armour: Animal skin       |    42 |    55 |   203 |     3 |    72 ||   375
         Steam dragon scal |       |       |       |   186 |       ||   186
         Robe              |       |       |       |   101 |   103 ||   204
         Skin              |       |       |       |       |   435 ||   435
  Dodge: Dodged            |    38 |    51 |   132 |   158 |   206 ||   585
   Form: Dragon            |       |       |       |       |     1 ||     1
